 Dungeon Crawl Stone Soup version 0.31-a0-774-g0d66cbabe8 (webtiles) character file.

Game seed: 2729826481053595132

30 cforsyth the Sneak (level 3, -3/30 HPs)
             Began as a Djinni Delver on Sept 17, 2023.
             Killed by nerve-wracking pain
             ... invoked by an orc priest
              (9 damage)
             ... on level 3 of the Dungeon.
             The game lasted 00:01:48 (800 turns).

cforsyth the Sneak (Djinni Delver)                   Turns: 800, Time: 00:01:49

Health: -3/30      AC: 10    Str: 11    XL:     3   Next: 37%
Gold:   59         EV: 12    Int: 13    God:
                   SH:  0    Dex: 14

rFire   + + .        h - +0 mace (protect)
rCold   x . .        (no shield)
rNeg    . . .        b - +0 leather armour
rPois   ∞            (no helmet)
rElec   .            (no cloak)
rCorr   .            (no gloves)
SInv    .            (boots unavailable)
Will    .....        (no amulet)
Stlth   ++           (no ring)
HPRegen 0.25/turn    (no ring)
MPRegen 0.00/turn

%: infuse magic (-4 HP)
@: under a protective aura, flying
A: sickness immunity, fire resistance 2, cold vulnerability 1, float, innate
caster, HP casting, extra vitality 1
a: no special abilities


You were on level 3 of the Dungeon.
You visited 1 branch of the dungeon, and saw 3 of its levels.

You collected 59 gold pieces.

Inventory:

Hand Weapons
 a - a +0 falchion
 h - a +0 mace of protection (weapon)
Armour
 b - a +0 leather armour (worn)
Wands
 g - a wand of digging (8)
Scrolls
 c - a scroll of fog
 d - a scroll of revelation
 i - a scroll of immolation {unknown}
 k - a scroll of identify {unknown}
Potions
 e - a potion of heal wounds {unknown}
 f - a potion of haste
 j - a potion of invisibility {unknown}


   Skills:
 + Level 3.6 Fighting
 - Level 1.7 Long Blades
 - Level 2.1 Dodging
 - Level 4.1 Stealth
 + Level 1.2 Spellcasting
 + Level 1.2 Conjurations
 + Level 1.2 Hexes
   Level 0.0 Charms
 + Level 1.2 Summonings
 + Level 1.2 Necromancy
 + Level 1.2 Translocations
 + Level 1.2 Transmutations
 + Level 1.2 Fire Magic
 + Level 1.2 Ice Magic
 + Level 1.2 Air Magic
 + Level 1.2 Earth Magic
 + Level 1.2 Poison Magic


You knew the following spells:

 Your Spells              Type           Power      Damage    Failure   Level
a - Sandblast             Erth           8%         2d5       22%         1
Your spell library was empty.

Dungeon Overview and Level Annotations

Branches:
Dungeon (5/15)
 Temple: D:4-7

Altars:


Innate Abilities, Weirdness & Mutations

You are immune to sickness and miasma.
You are immune to poison.
Your flesh is very heat resistant. (rF++)
You are vulnerable to cold. (rC-)
You float through the air rather than walking.
You learn spells naturally, not from books.
Your magical power is your life essence.
You have superior vitality. (+4 MHP)


Message History

The blast of sand hits the orc priest.
The orc priest is heavily wounded.
The orc priest looks braver for a moment.
You miscast Sandblast.
You are very lightly contaminated with residual magic.
Nothing appears to happen.
You miscast Sandblast.
Nothing appears to happen.
The orc priest calls down the wrath of Beogh upon you.
Beogh smites you!
There is a stone staircase leading up here.
You fly upwards.
There is a stone staircase leading down here.
You start resting.
Your magical contamination has completely faded away.
You start resting.
HP restored.
You fly downwards.
There is a stone staircase leading up here.
The orc priest hits you with a +0 hand axe.
You fly upwards.
There is a stone staircase leading down here.
You sock the orc priest!
Your weapon exudes an aura of protection.
The orc priest is heavily wounded.
The orc priest hits you but does no damage.
The orc priest invokes the aid of Beogh against you.
Pain shoots through your body!
You closely miss the orc priest.
The orc priest is heavily wounded.
The orc priest invokes the aid of Beogh against you.
Pain shoots through your body!
You hit the orc priest.
The orc priest is almost dead.
The orc priest calls down the wrath of Beogh upon you.
Beogh smites you!
Ouch! That really hurt!
* * * LOW HITPOINT WARNING * * *
The orc priest mumbles some strange prayers to Beogh against you.
Pain shoots through your body!
You die...

....#.##.#
..?#.(..# ..#..#
.. #.#).#
#.####)#..#
##......#..#
...)......##
#########...####
.........@o..".#
##############.#
.# .# .# .# .#
.#


You could see an orc priest.

Vanquished Creatures
  An adder (D:4)
  5 orcs
  A quokka (D:5)
  2 ball pythons (D:4)
  5 goblins
  2 kobolds
  A rat (D:3)
17 creatures vanquished.

Notes
Turn   | Place    | Note
-------+----------+-------------------------------------------
     0 | D:5      | cforsyth the Djinni Delver began the quest for the Orb.
     0 | D:5      | Reached XP level 1. HP: 20/20 MP: 0/0
   134 | D:5      | Noticed an ogre
   150 | D:5      | Noticed a black bear
   160 | D:4      | Noticed an orc priest
   297 | D:4      | Reached XP level 2. HP: 25/25 MP: 0/0
   317 | D:4      | Reached skill level 1 in Spellcasting
   317 | D:4      | Reached skill level 1 in Conjurations
   317 | D:4      | Reached skill level 1 in Hexes
   317 | D:4      | Reached skill level 1 in Summonings
   317 | D:4      | Reached skill level 1 in Necromancy
   317 | D:4      | Reached skill level 1 in Translocations
   317 | D:4      | Reached skill level 1 in Transmutations
   317 | D:4      | Reached skill level 1 in Fire Magic
   317 | D:4      | Reached skill level 1 in Ice Magic
   317 | D:4      | Reached skill level 1 in Air Magic
   317 | D:4      | Reached skill level 1 in Earth Magic
   317 | D:4      | Reached skill level 1 in Poison Magic
   541 | D:4      | Reached XP level 3. HP: 27/30 MP: 0/0
   541 | D:4      | Learned a level 1 spell: Sandblast
   800 | D:3      | Killed from afar by an orc priest

Illustrated notes

Levels and vault maps discovered:
D:3:      layout_basic, minmay_misc_feat_hallway, kennysheep_generic_room_12
D:4:      layout_rooms, minmay_misc_feat_five
D:5:      layout_cave_pools, minmay_temple_entry_glass, dk_noncrumbling_2

Skill      XL: |  1  2 |
---------------+-------+-----
Spellcasting   | 1 |  1.2
Conjurations   | 1 |  1.2
Hexes          | 1 |  1.2
Summonings     | 1 |  1.2
Necromancy     | 1 |  1.2
Translocations | 1 |  1.2
Transmutations | 1 |  1.2
Fire Magic     | 1 |  1.2
Ice Magic      | 1 |  1.2
Air Magic      | 1 |  1.2
Earth Magic    | 1 |  1.2
Poison Magic   | 1 |  1.2
Fighting       | |  3.6
Long Blades    | |  1.7
Dodging        | |  2.1
Stealth        | |  4.1

Action                     || total
---------------------------++-------
  Melee: Mace              ||    53
         Falchion          ||     9
         Punch             ||     1
   Cast: Sandblast         ||     1
    Use: Scroll            ||     1
 Armour: Leather armour    ||    46
  Dodge: Dodged            ||    46

Table legend: (Time is in decaauts)
 A = Elapsed time spent in this place.
 B = Non-inter-level travel time spent in this place.
 C = Inter-level travel time spent in this place.
 D = Time resting spent in this place.
 E = Time spent auto-exploring this place.
 F = Levels seen in this place.
 G = Mean time per level.
                   A        B        C        D        E       F      G
               +--------+--------+--------+--------+--------+-----+--------+
         Total |    824 |    824 |      0 |    251 |    329 |   3 |  274.7 |
       Dungeon |    824 |    824 |      0 |    251 |    329 |   3 |  274.7 |
               +--------+--------+--------+--------+--------+-----+--------+

Top non-repeatable levels by time:
     D:4: 463 daAuts
     D:3: 200 daAuts
     D:5: 160 daAuts
